 Dungeon Crawl Stone Soup version 0.20-a0-351-gc9b4002 (webtiles) character file.

37 hairmachine the Cudgeler (level 3, 0/36 HPs)
             Began as an Ogre Skald on Dec 27, 2016.
             Succumbed to an adder's poison
             ... on level 2 of the Dungeon.
             The game lasted 00:08:13 (2094 turns).

hairmachine the Cudgeler (Ogre Skald)               Turns: 2094, Time: 00:08:14

Health: 0/36       AC:  3    Str: 16 (17) XL:     3   Next: 39%
Magic:  5/6        EV:  9    Int: 10 (13) God:
Gold:   112        SH:  0    Dex:  5 (8)  Spells: 3/6 levels left

rFire  . . .     SeeInvis .     a - +0 mace
rCold  . . .     Gourm    .     b - +0 robe
rNeg   . . .     Faith    .     (no shield)
rPois  .         Spirit   .     (helmet restricted)
rElec  .         Reflect  .     (no cloak)
rCorr  .         Harm     .     (gloves unavailable)
MR     .....                    (boots unavailable)
Stlth  +.........               (no amulet)
                                (no ring)
                                (no ring)

@: lethally poisoned (0 -> -5), singing
A: unfitting armour, tough skin 1
a: Stop Singing


You were on level 2 of the Dungeon.
You were not hungry.

You visited 1 branch of the dungeon, and saw 2 of its levels.

You collected 112 gold pieces.


Innate Abilities, Weirdness & Mutations

You are too large for most types of armour.
You have tough skin. (AC +1)


   Skills:
 - Level 2.6 Fighting
 * Level 3.1 Maces & Flails
 - Level 1.3 Dodging
 - Level 2.4 Spellcasting
 + Level 2.9 Charms


You had 3 spell levels left.
You knew the following spells:

 Your Spells              Type           Power        Failure   Level  Hunger
a - Infusion              Chrm           #...         10%         1    ##.....
b - Song of Slaying       Chrm           #.......     14%         2    ###....

Inventory:

Hand Weapons
 a - a +0 mace (weapon)
 m - a +2 mace of protection
   (You found it on level 1 of the Dungeon)
Missiles
 k - 12 stones (quivered)
Armour
 b - a +0 robe (worn)
Scrolls
 e - a scroll of identify {!r, unknown}
 h - 4 scrolls of amnesia {!r}
Books
 c - a book of Battle

   Spells                             Type                      Level
   a - Infusion                       Charms                       1
   b - Shroud of Golubria             Charms/Translocation         2
   c - Song of Slaying                Charms                       2
   d - Spectral Weapon                Hexes/Charms                 3
   e - Regeneration                   Charms/Necromancy            3
Comestibles
 d - a bread ration

Dungeon Overview and Level Annotations

Branches:
Dungeon (2/15)

Altars:

Annotations:
D:1 exclusion: 2 downstairs
D:2 Sigmund

.....(.........##...#
........
..............s.@...#
#......
....<........wS#........
.......
#.....##.....#r##.......
....... #.....####...#.#
.#..... .......
##.....#####w..##.#.....
.......
#.#......####..........
+..####..>. #.#>..#####
##. #.##.....!..# #.
...........# #.
............... #w
............... #.
..###........## .. #
#.......!.. #..........


You could see a worm, an adder, a quokka and a giant cockroach.


Message History

Level annotation: exclusions: door and 2 downstairs
There is a stone staircase leading down here.
Press: ? - help, v - describe, . - travel A stone staircase leading down.
Placed new exclusion.
Reduced exclusion size to a single square.
Things that are here:
a club; a goblin skeleton A rat comes into view.
Throwing (i - inventory):
k - 12 stones (quivered)
Press: ? - help, Shift-Dir - straight line, f - rat
Aim: a rat You throw a stone.
The stone hits the rat but does no damage.
Throwing (i - inventory):
k - 11 stones (quivered)
Press: ? - help, Shift-Dir - straight line, f/p - rat
Aim: a rat You throw a stone.
The stone hits the rat.
You kill the rat!
No target in view!
No target in view!
k - 11 stones (gained 1)
k - 12 stones (gained 1) Eating a chunk of flesh.
You start eating the chunk of flesh.
You are feeling hungry.
This raw flesh tastes terrible.
There is an open door here.
There is an open door here.
Things that are here:
a stone; a club
Things that are here:
2 stones; a dagger
There is an open door here.
There is a stone staircase leading down here.
Press: ? - help, v - describe, . - travel A stone staircase leading down.
Removed exclusion.
You climb downwards.
Level annotation: Sigmund
There is a stone staircase leading up here.
Found a stone staircase leading down.
You now have 112 gold pieces (gained 18).
There is a stone staircase leading up here.
h - 4 scrolls of amnesia {!r} (gained 3)
You see here a scroll labeled LUNLIBR KE ROE {!r}.
e - a scroll labeled LUNLIBR KE ROE {!r}
Found a potion of curing.
Found a stone staircase leading down.
A quokka comes into view.
Found a black potion.
An adder comes into view.
The adder hisses angrily.
The adder bites you.
Damage: -5%(-2hp) hp: 95%(34hp)
Casting: Infusion
Confirm with . or Enter, or press ? or * to list all spells.
You start singing a song of slaying.
The adder bites you.
Damage: -6%(-2hp) hp: 89%(32hp)
You miss the adder. The adder bites you.
You are poisoned.
The adder poisons you!
Damage: -2%(-1hp) hp: 87%(31hp)
You feel sick. The adder barely misses you.
Damage: -3%(-1hp) hp: 84%(30hp)
The quokka barely misses you.
You feel sick. The adder bites you but does no damage.
Damage: -3%(-1hp) hp: 81%(29hp)
You miss the adder. The adder bites you but does no damage.
You barely miss the adder. The adder bites you.
* * * LOW HITPOINT WARNING * * *
The adder bites you.
* * * LOW HITPOINT WARNING * * *
Huge Dmg: -22%(-8hp) hp: 59%(21hp)
You are too injured to fight recklessly!
You are too injured to fight recklessly!
You are too injured to fight recklessly!
You closely miss the adder. The adder bites you.
* * * LOW HITPOINT WARNING * * *
You are more poisoned.
The adder poisons you!
Damage: -9%(-3hp) hp: 50%(18hp)
You closely miss the adder.
You feel sick. The adder bites you but does no damage. The adder bites you.
* * * LOW HITPOINT WARNING * * *
You are more poisoned.
The adder poisons you! The worm closely misses you.
Damage: -5%(-2hp) hp: 45%(16hp)
You feel sick.
Damage: -3%(-1hp) hp: 42%(15hp)
The giant cockroach closely misses you. The worm bites you!
* * * LOW HITPOINT WARNING * * *
The adder bites you.
* * * LOW HITPOINT WARNING * * *
The giant cockroach bites you but does no damage.
Huge Dmg: -36%(-13hp) hp: 6%(2hp)
* * * LOW HITPOINT WARNING * * *
You feel sick. The adder bites you but does no damage.
Huge Dmg: -3%(-1hp) hp: 3%(1hp)
You aren't carrying any potions.
Unknown command.
You die...

Vault maps used:
D:1:      minmay_arrival_diagonal_passages
D:2:      minmay_divided_ellipse, uniq_sigmund

Notes
Turn   | Place    | Note
-------+----------+-------------------------------------------
     0 | D:1      | hairmachine the Ogre Skald began the quest for the Orb.
     0 | D:1      | Reached XP level 1. HP: 22/22 MP: 3/3
    25 | D:1      | Reached skill level 2 in Maces & Flails
   383 | D:1      | Reached XP level 2. HP: 29/29 MP: 5/5
  1353 | D:2      | Reached skill level 3 in Maces & Flails
  1353 | D:2      | Reached XP level 3. HP: 29/36 MP: 1/6
  1905 | D:1      | Learned a level 2 spell: Song of Slaying
  1917 | D:2      | Noticed Sigmund
  2093 | D:2      | HP: 1/36 [poisoned by an adder]
  2094 | D:2      | Succumbed to an adder's poison

Vanquished Creatures
  An adder (D:2)
  A dart slug (D:1)
  A leopard gecko (D:2)
  A bat (D:1)
  2 giant cockroaches (D:1)
  A hobgoblin (D:1)
  4 jackals (D:1)
  4 kobolds
  A frilled lizard (D:1)
  4 goblins (D:1)
  4 rats
24 creatures vanquished.

Action                   || total
-------------------------++-------
Melee: Mace              ||    97
Throw: Stone             ||     3
 Cast: Infusion          ||     5
       Song of Slaying   ||     1
  Use: Scroll            ||     8
       Potion            ||     4
  Eat: Chunk             ||     4
Armor: Robe              ||    38
Dodge: Dodged            ||    62

Skill      XL: |  1  2 |
---------------+-------+-----
Maces & Flails | 2 3 |  3.1
Fighting       | |  2.6
Dodging        | |  1.3
Spellcasting   | |  2.4
Charms         | |  2.9
